 Dungeon Crawl Stone Soup version 0.14-a0-882-gdff4d47 (webtiles) character file.

131 PolkaDot the Ruinous (level 3, -6/24 HPs)
             Began as a Vampire Conjurer on Nov 18, 2013.
             Killed by divine providence
             ... invoked by an orc priest
              (14 damage)
             ... on Level 3 of the Dungeon.
             The game lasted 00:05:53 (1920 turns).

PolkaDot the Ruinous (Vampire Conjurer)             Turns: 1920, Time: 00:05:55

HP  -6/24        AC  2     Str  7      XL: 3   Next: 66%
MP   2/6         EV 12     Int 18      God:
Gold 77          SH  0     Dex 14      Spells:  2 memorised,  1 level left

Res.Fire  : . . .   See Invis. : +   (no weapon)
Res.Cold  : . . .   Warding    : .   a - +0 robe
Life Prot.: . . .   Conserve   : .   (no shield)
Res.Poison: .       Res.Corr.  : .   (no helmet)
Res.Elec. : .       Clarity    : .   (no cloak)
Sust.Abil.: . .     Spirit.Shd : .   (no gloves)
Res.Mut.  : .       Stasis     : .   (no boots)
Res.Rott. : .       Flight     : .   (no amulet)
Saprovore : . . .                    (no ring)
                                     (no ring)

@: regenerating quickly, slightly resistant to hostile enchantments, stealthy
A: fangs 3, see invisible, unbreathing
a: no special abilities


You were on level 3 of the Dungeon.
You were very full.

You visited 1 branch of the dungeon, and saw 3 of its levels.

You collected 77 gold pieces.

Inventory:

Armour
 a - a +0 robe (worn)
Scrolls
 e - 2 scrolls of remove curse {unknown}
 f - 3 scrolls of identify {unknown}
 g - 2 scrolls of teleportation {unknown}
 i - a scroll of fear {unknown}
Jewellery
 b - an uncursed ring of wizardry {unknown}
Potions
 h - 3 potions of curing
Books
 c - a book of Conjurations

   Spells                             Type                      Level
   *Magic Dart                        Conjuration                  1
   *Searing Ray                       Conjuration                  2
   Dazzling Spray                     Conjuration/Hexes            3
   Iskenderun's Mystic Blast          Conjuration                  4
   Iskenderun's Battlesphere          Conjuration/Charms           4
   Fulminant Prism                    Conjuration/Hexes            5


   Skills:
 - Level 2.1 Dodging
 - Level 3.0 Stealth
 - Level 1.0 Spellcasting
 * Level 4.0 Conjurations


You had one spell level left.
You knew the following spells:

 Your Spells              Type           Power        Failure   Level  Hunger
a - Magic Dart            Conj           ###.         4%          1    ##.....
s - Searing Ray           Conj           ###...       8%          2    ###....


Dungeon Overview and Level Annotations

Branches:
Dungeon (3/16)

Altars:


Innate Abilities, Weirdness & Mutations

Your natural rate of healing is unusually fast.
You have razor-sharp teeth.*
You have supernaturally acute eyesight.
You can survive without breathing.*


Message History

An orc priest comes into view.
It is wielding a glowing orcish short sword.
You catch the helpless orc priest momentarily off-guard.
You hit the orc priest.
The orc priest is lightly wounded.
The orc hits you with an orcish hand axe.
The orc priest hits you with a glowing orcish short sword.
You convulse.
Drink which item? (? for menu, Esc to quit)
You feel better.
It was a potion of curing.
The orc hits you with an orcish hand axe.
The orc priest invokes the aid of Beogh against you.
Something smites you!
Read which item? (? for menu, Esc to quit)
As you read the scroll labeled TYTARR ADOTS, it crumbles to dust.
You experience a momentary feeling of inescapable doom!
It was a scroll of random uselessness.
The orc barely misses you.
The orc priest mumbles some strange prayers to Beogh against you.
Something smites you!
Ouch! That really hurt!
You die...

######### #....o..#
#.#####)#########
#o#####.........# #
#.##.o.)..##+##...
#.##@##.#.#...#.#
#.##o##.#.).<.'.#
#...o...#.#...#.#
###...#...##'##
#...###......
#####...####.......
#.........#
.....)...
#.#.##'##.#
........ #.#...#.#
.......


You could see an orc priest and 2 orcs.

Vanquished Creatures
  A giant mite (D:2)
  3 orcs (D:3)
  8 bats
  6 goblins
  6 hobgoblins
  2 kobolds (D:2)
  A ball python (D:1)
  7 giant newts
  3 jackals (D:1)
  9 rats
46 creatures vanquished.

Notes
Turn   | Place    | Note
--------------------------------------------------------------
     0 | D:1      | PolkaDot, the Vampire Conjurer, began the quest for the Orb.
     0 | D:1      | Reached XP level 1. HP: 13/13 MP: 4/4
   585 | D:1      | Reached XP level 2. HP: 19/19 MP: 3/5
   637 | D:1      | Learned a level 2 spell: Searing Ray
  1144 | D:2      | Reached XP level 3. HP: 24/24 MP: 3/6
  1686 | D:2      | Reached skill level 4 in Conjurations
  1920 | D:3      | Killed from afar by an orc priest

Action                   || total
-------------------------++-------
Melee: Unarmed           ||    58
 Cast: Magic Dart        ||    78
  Use: Potion            ||     2
       Scroll            ||     1
 Stab: Distracted        ||     1
